[Event "Late-Titled-Tuesday-Blitz-February-27-2024"]
[Site "Chess.com"]
[Date "2024.02.27"]
[Round "1"]
[White "Bryanl106"]
[Black "C_K_G"]
[Result "1-0"]
[WhiteElo "2553"]
[BlackElo "2148"]
[TimeControl "180+1"]
[EndTime "14:06:56 PST"]
[Termination "Bryanl106 won on time"]

1. e4 c5 2. Nf3 d6 3. d4 cxd4 4. Nxd4 Nf6 5. Nc3 a6 6. h3 e5 7. Nde2 Be6 8. g4 Nbd7 9. Bg2 Be7 10. Ng3 b5 11. g5 Ng8 12. h4 Nb6 13. Nf5 Bf8 14.
Be3 Rc8 15. O-O Nc4 16. Bc1 Ne7 17. b3 Bxf5 18. exf5 Nb6 19. Qd3 Qc7 20. Bd2 d5 21. f6 gxf6 22. gxf6 e4 23. Qh3 Ng6 24. Rfe1 Bd6 25.
h5 Nf4 26. Bxf4 Bxf4 27. Nxd5 Nxd5 28. Rxe4+ Kf8 29. h6 Rg8 30. c4 Nxf6 31. Rxf4 Rg6 32. Re1 Rd8 33. Rf5 Qd7 34. Qf3 Ng4 35. Rd5 Qc7 36.
Rxd8+ Qxd8 37. c5 Qc7 38. c6 Qh2+ 39. Kf1 Ne5 40. c7 1-0

[Event "Late-Titled-Tuesday-Blitz-February-27-2024"]
[Site "Chess.com"]
[Date "2024.02.27"]
[Round "1"]
[White "JulbeNn"]
[Black "SpeedofLight0"]
[Result "0-1"]
[WhiteElo "2520"]
[BlackElo "3064"]
[TimeControl "180+1"]
[EndTime "14:06:57 PST"]
[Termination "SpeedofLight0 won by resignation"]

1. e4 e6 2. d4 d5 3. e5 c5 4. dxc5 Nc6 5. Nf3 Bxc5 6. Bd3 Nge7 7. Bf4 Ng6 8. Bg3 O-O 9. O-O Bd7 10. Nbd2 Rc8 11. c3 a6 12. Qe2 Qe7 13. h4 f6 14.
h5 Ngxe5 15. Nxe5 fxe5 16. Bxe5 Nxe5 17. Qxe5 Bd6 18. Qe3 Qh4 19. g3 Qh3 20. Nb3 e5 21. Rfd1 Bc6 22. Bf1 Qxh5 23. Bg2 Qf7 24. Rd2 Bb8 25.
Rad1 e4 26. c4 dxc4 27. Na5 Ba4 28. Re1 Rce8 29. Bxe4 Kh8 30. Bd5 Rxe3 31. Rxe3 Qd7 32. Nxc4 Bc6 33. Be6 Qe7 34. Na5 Qc5 35. Nb3 Qh5 36.
f3 Bxf3 37. Rh2 Qg5 38. Kf2 Bxg3+ 0-1

[Event "Late-Titled-Tuesday-Blitz-February-27-2024"]
[Site "Chess.com"]
[Date "2024.02.27"]
[Round "1"]
[White "ATM622"]
[Black "Bala-Afiada"]
[Result "1-0"]
[WhiteElo "2531"]
[BlackElo "1912"]
[TimeControl "180+1"]
[EndTime "14:06:57 PST"]
[Termination "ATM622 won by resignation"]

1. d4 Nf6 2. c4 e6 3. g3 d5 4. Bg2 Bb4+ 5. Nd2 Be7 6. Qc2 c6 7. Ngf3 O-O 8. O-O b6 9. e4 dxe4 10. Nxe4 Bb7 11. Rd1 Qc7 12. Bf4 Qc8 13. Nd6 Bxd6 14.
Bxd6 Re8 15. Be5 Nbd7 16. Ng5 h6 17. Nf3 c5 18. Rac1 cxd4 19. Bxd4 e5 20. Bc3 e4 21. Nd4 e3 22. fxe3 Rxe3 23. Nf5 Bxg2 24. Qxg2 Re6 25. Re1 Rxe1+ 26. Rxe1 Qc5+ 27. Qf2 Qxf2+ 28.
Kxf2 Re8 29. Rxe8+ Nxe8 30. Ne7+ Kf8 31. Nc6 a6 32. Bb4+ Nc5 33. a4 a5 34. Nxa5 bxa5 35. Bxc5+ Kg8 36. b3 f6 37. Ke3 Kf7 38. Bb6 Nd6 39.
Bxa5 Nf5+ 40. Ke4 Nd6+ 41. Kd5 Nb7 42. Bc7 Ke7 43. Kc6 1-0

[Event "Late-Titled-Tuesday-Blitz-February-27-2024"]
[Site "Chess.com"]
[Date "2024.02.27"]
[Round "1"]
[White "DonMicheleCorleone"]
[Black "HansOnTwitch"]
[Result "0-1"]
[WhiteElo "2522"]
[BlackElo "3086"]
[TimeControl "180+1"]
[EndTime "14:06:59 PST"]
[Termination "HansOnTwitch won by resignation"]

1. e4 c5 2. Nc3 Nc6 3. Nf3 g6 4. Bb5 Bg7 5. O-O Nd4 6. Ba4 a6 7. Nxd4 cxd4 8. Ne2 b5 9. Bb3 Bb7 10. d3 e6 11. f3 Ne7 12. a4 O-O 13. Qe1 Nc6 14.
axb5 axb5 15. Rxa8 Bxa8 16. Bd2 d6 17. Qg3 Kh8 18.
Ra1 Bb7 19. Bf4 e5 20. Bg5 Qc7 21. Bd2 f5 22. h4 f4 23. Qh2 Qd7 24. h5 g5 25. h6 Bf6 26. Qh5 Ra8 27. Rxa8+ Bxa8 28. Kf2 Bb7 29. Ng1 Bc8 30. Nh3 Qe7 31. g4 Nd8 32.
Bb4 Bd7 33. Ng1 Ne6 34. Qh3 Nc5 35. Bd5 Be8 36. Ne2 Qa7 37. Nc1 Qa1 38. Nb3 Qxb2 39. Bxc5 Qxc2+ 40. Kg1 dxc5 41. Qg2 Qxg2+ 42. Kxg2 Be7 43.
Na5 Bf8 44. Bc6 Bxc6 45. Nxc6 Bxh6 46. Nxe5 Bf8 47. Nf7+ Kg8 48. Nxg5 b4 49. Ne6 b3 50. Nxc5 Bxc5 0-1

[Event "Late-Titled-Tuesday-Blitz-February-27-2024"]
[Site "Chess.com"]
[Date "2024.02.27"]
[Round "1"]
[White "Andreikka"]
[Black "elmusmolamas"]
[Result "1-0"]
[WhiteElo "2960"]
[BlackElo "2504"]
[TimeControl "180+1"]
[EndTime "14:07:00 PST"]
[Termination "Andreikka won by resignation"]

1. e4 c6 2. d4 g6 3. h4 d5 4. e5 h5 5. c4 Nh6 6. Nc3 Bf5 7. Qb3 Qd7 8. Nf3 e6 9. Be2 Bg4 10.
Bxh6 Bxh6 11. O-O O-O 12. Rfd1 Qe7 13. g3 b6 14. Nh2 Bxe2 15. Nxe2 f6 16. exf6 Qxf6 17.
f4 Qf5 18. Rac1 Kh7 19. Qd3 Qh3 20. Nf3 Nd7 21. cxd5 cxd5 22. Rc7 Rf7 23. Rdc1 Raf8 24. Ne5 Nxe5 25. dxe5 Bxf4 26. Nxf4 Qg4 27. Kh2 Kh6 28. Rxf7 Rxf7 29. Rf1 Kh7 30. Kg2 Rf5 31. Nxe6 Rxf1 32. Ng5+ Kh6 33. Qxf1 Qc8 34. Qf7 Qc2+ 35. Kh3 Qf5+ 36.
Qxf5 gxf5 37. Ne6 1-0

[Event "Late-Titled-Tuesday-Blitz-February-27-2024"]
[Site "Chess.com"]
[Date "2024.02.27"]
[Round "1"]
[White "sergiochess83"]
[Black "WindWhistler11"]
[Result "1-0"]
[WhiteElo "2920"]
[BlackElo "2493"]
[TimeControl "180+1"]
[EndTime "14:07:00 PST"]
[Termination "sergiochess83 won on time"]

1. e4 e6 2. d4 d5 3. e5 c5 4. c3 Nc6 5. Nf3 Bd7 6. Be2 Nge7 7. O-O cxd4 8. cxd4 Nf5 9. Na3 Be7 10.
Nc2 Rc8 11. g4 Nh4 12. Nxh4 Bxh4 13. f4 g6 14. Be3 Be7 15. Bd3 Qb6 16. b3 h5 17. f5 gxf5 18. gxf5 Bb4 19. fxe6 Bxe6 20. Rc1 Bc3 21. Bf5 Ne7 22. Bxe6 Qxe6 23. Kh1 Nf5 24. Qf3 Nh4 25. Qg3 Qg4 26. Rf4 Qxg3 27. hxg3 Ng6 28. Rf2 h4 29. g4 Rc7 30. Nb4 Bxd4 31. Rxc7 Bxe3 32. Rf3 d4 33. Rfxf7 Rf8 34. e6 1-0

[Event "Late-Titled-Tuesday-Blitz-February-27-2024"]
[Site "Chess.com"]
[Date "2024.02.27"]
[Round "1"]
[White "SchmakAttack"]
[Black "N_Mullodzhanov"]
[Result "1-0"]
[WhiteElo "2824"]
[BlackElo "2464"]
[TimeControl "180+1"]
[EndTime "14:07:01 PST"]
[Termination "SchmakAttack won by checkmate"]

1. d4 Nf6 2. Bf4 g6 3. Nc3 d5 4.
e3 Bg7 5. h4 c5 6. dxc5 Nc6 7. Bb5 Qa5 8. Qd2 a6 9. Ba4 Qxc5 10.
O-O-O b5 11. Bb3 e6 12. Nf3 a5 13. a4 b4 14. Nb5 Ne4 15. Qe1 O-O 16. Ng5 Qe7 17.
Nxe4 dxe4 18. Bg5 f6 19. Bf4 f5 20. Bg5 Bf6 21. Bxf6 Qxf6 22. Rd6 Ne5 23. Nc7 Ra7 24.
Nxe6 Qe7 25. Nxf8+ Kxf8 26. Qd2 Nd3+ 27. Rxd3 exd3 28. Qxd3 Ba6 29. Qd4 Qc7 30. Qh8+ Ke7 31. Rd1 f4 32. Qg7+ Ke8 33. Qg8+ Ke7 34. Qf7# 1-0

[Event "Late-Titled-Tuesday-Blitz-February-27-2024"]
[Site "Chess.com"]
[Date "2024.02.27"]
[Round "1"]
[White "Chemim21"]
[Black "Bugcrusher"]
[Result "0-1"]
[WhiteElo "2206"]
[BlackElo "2579"]
[TimeControl "180+1"]
[EndTime "14:07:02 PST"]
[Termination "Bugcrusher won by resignation"]

1. e4 c6 2. d4 d5 3. Nd2 dxe4 4. Nxe4 Nf6 5. Nxf6+ exf6 6. Be2 Bd6 7. Bf3 O-O 8. Ne2 Re8 9. O-O Nd7 10. c4 Nf8 11. b3 Ng6 12. g3 Bh3 13. Re1 Qd7 14. c5 Bc7 15. d5 cxd5 16. Qxd5 Ne5 17. Bh1 Qxd5 18.
Bxd5 Nd3 19. Be3 Nxe1 20. Rxe1 Rab8 21. b4 a6 22. a4 Bd7 23. Ra1 Bc6 24. Bc4 b5 25. axb5 axb5 26. Bb3 Ra8 27. Rd1 Be5 28. Bd4 Red8 29. Bxe5 Rxd1+ 30. Bxd1 fxe5 31. Kf1 Ra1 32. Ke1 Rb1 33. f4 exf4 34. Nxf4 Rxb4 35. Be2 g5 36. Nd3 Rb1+ 37. Kd2 b4 38. Kc2 Rh1 39.
Nxb4 Ba4+ 40. Kc3 Rxh2 41. Bc4 Rh3 42. c6 Rxg3+ 43. Kd4 Bxc6 44. Nxc6 h5 45. Ne7+ Kf8 46. Nf5 Rg4+ 47. Kd3 Rf4 48. Nd6 h4 49. Bd5 h3 50.
Ke3 h2 51. Bh1 Rf1 52. Be4 Re1+ 53. Kf3 Rxe4 54. Kxe4 h1=Q+ 55. Kf5 Qd5+ 0-1

[Event "Late-Titled-Tuesday-Blitz-February-27-2024"]
[Site "Chess.com"]
[Date "2024.02.27"]
[Round "1"]
[White "lucliasco"]
[Black "Josetricks"]
[Result "1-0"]
[WhiteElo "2897"]
[BlackElo "2483"]
[TimeControl "180+1"]
[EndTime "14:07:05 PST"]
[Termination "lucliasco won by checkmate"]

1. e4 g6 2. d4 Bg7 3. Nc3 c6 4.
h3 d5 5. Nf3 dxe4 6. Nxe4 Nf6 7.
Nxf6+ exf6 8. Bc4 O-O 9. O-O a5 10. a4 Na6 11. Re1 Nc7 12. c3 Nd5 13. Qb3 Qd6 14.
Bd2 Be6 15. Re2 Qd7 16. Rae1 Rfe8 17. Qa2 Bf8 18. Bb3 Red8 19. c4 Nb4 20. Qb1 Bf5 21.
Qd1 Nd3 22. Rf1 Nxb2 23. Qa1 Bd3 24. Re3 Bxf1 25. Qxb2 Bxg2 26. Kxg2 Bd6 27. c5 Bc7 28. Re4 Re8 29. Qc2 Rxe4 30. Qxe4 Re8 31. Qh4 Qf5 32. Bxf7+ Kxf7 33. Qxh7+ Ke6 34. Qxc7 Rh8 35. h4 Qg4+ 36.
Qg3 Qe4 37. Bxa5 g5 38. hxg5 fxg5 39. Qd6+ Kf5 40. Qd7+ Kf6 41. Bc7 g4 42. Be5+ Kg6 43. Qg7+ Kf5 44. Qf6# 1-0

[Event "Late-Titled-Tuesday-Blitz-February-27-2024"]
[Site "Chess.com"]
[Date "2024.02.27"]
[Round "1"]
[White "MeisterJabo"]
[Black "Arystanner"]
[Result "0-1"]
[WhiteElo "2448"]
[BlackElo "2786"]
[TimeControl "180+1"]
[EndTime "14:07:05 PST"]
[Termination "Arystanner won on time"]

1. c4 e6 2. g3 d5 3. Nf3 Nf6 4. Bg2 Be7 5. O-O O-O 6. d4 c6 7. Nc3 a5 8. Qd3 b6 9. e4 Ba6 10. b3 b5 11. exd5 bxc4 12. bxc4 cxd5 13. Nb5 dxc4 14. Qxc4 a4 15. Ne5 Qa5 16. Rb1 Rc8 17. Qd3 Nd5 18. Bd2 Qd8 19. Rfc1 Rxc1+ 20. Bxc1 f6 21. Nc4 Nc6 22. Bd2 Rb8 23. Nc3 Ncb4 24. Qe2 Kh8 25. a3 Nxc3 26. Bxc3 Nd5 27. Rxb8 Qxb8 28.
Qxe6 Bxc4 29. Bxd5 Qb1+ 30. Kg2 Qf1+ 31. Kf3 Bxd5+ 32. Qxd5 Qh1+ 33. Ke3 Qxd5 0-1

[Event "Late-Titled-Tuesday-Blitz-February-27-2024"]
[Site "Chess.com"]
[Date "2024.02.27"]
[Round "1"]
[White "ViktoriyaTarasova"]
[Black "AcostaPablo"]
[Result "0-1"]
[WhiteElo "2316"]
[BlackElo "2626"]
[TimeControl "180+1"]
[EndTime "14:07:06 PST"]
[Termination "AcostaPablo won on time"]

1. d4 Nf6 2. c4 e6 3. Nc3 Bb4 4. e3 O-O 5. Bd3 b6 6. Nf3 Bb7 7. O-O d6 8. a3 Bxc3 9. bxc3 Ne4 10. Qc2 f5 11. Nd2 Nxd2 12. Bxd2 Nd7 13. f3 Qh4 14.
Rae1 Rae8 15. Re2 Nf6 16. Be1 Qh5 17. Bg3 a5 18. c5 bxc5 19. dxc5 f4 20. Bxf4 Qxc5 21.
Qb3 Nd5 22. Bg3 Bc6 23. c4 Rb8 24. Qc2 Nxe3 25. Bxh7+ Kh8 26. Rxe3 Qxe3+ 27. Bf2 Qh6 28.
Bd3 a4 29. Qe2 Rb3 30. Be3 Qf6 31. Bb1 Rfb8 32. Qc2 Qf5 33. Qxf5 exf5 34. Bxf5 Rxe3 0-1

[Event "Late-Titled-Tuesday-Blitz-February-27-2024"]
[Site "Chess.com"]
[Date "2024.02.27"]
[Round "1"]
[White "ACollins05"]
[Black "pirulillo"]
[Result "1-0"]
[WhiteElo "2579"]
[BlackElo "2211"]
[TimeControl "180+1"]
[EndTime "14:07:06 PST"]
[Termination "ACollins05 won by checkmate"]

1. d4 Nf6 2. c4 g6 3. Nc3 Bg7 4. e4 d6 5. h3 O-O 6. Bg5 e5 7. dxe5 dxe5 8. Qxd8 Rxd8 9. Nd5 Rxd5 10. exd5 Nbd7 11.
Nf3 e4 12. Nd2 Nc5 13. Be2 Bf5 14. g4 Bd7 15. O-O a5 16. Be3 Bf8 17. Kg2 b6 18. g5 Ne8 19. Bxc5 Bxc5 20. Nxe4 Be7 21.
f4 Nd6 22. Nxd6 Bxd6 23. Bd3 Kg7 24. f5 a4 25. Rae1 Ra5 26. Re2 Rc5 27. b4 axb3 28.
axb3 Ra5 29. f6+ Kf8 30. Rff2 Bc5 31. Rf1 Ra3 32. Rb1 Bb4 33. Be4 h6 34. h4 h5 35.
Rbb2 Bg4 36. Bf3 Bd7 37. Ra2 Bf5 38. Rxa3 Bxa3 39. Ra2 Be7 40. Ra8+ Bc8 41. Rxc8+ Bd8 42. Rxd8# 1-0

[Event "Late-Titled-Tuesday-Blitz-February-27-2024"]
[Site "Chess.com"]
[Date "2024.02.27"]
[Round "1"]
[White "ProChessWICTH"]
[Black "AungTZ"]
[Result "1-0"]
[WhiteElo "2539"]
[BlackElo "2051"]
[TimeControl "180+1"]
[EndTime "14:07:07 PST"]
[Termination "ProChessWICTH won on time"]

1. d4 Nf6 2. c4 e6 3. Nc3 Bb4 4.
Bg5 c5 5. Bxf6 Bxc3+ 6. bxc3 Qxf6 7. e3 O-O 8. Nf3 b6 9. Bd3 Bb7 10. O-O d6 11. a4 Nc6 12. Nd2 Na5 13. Nb3 Nxb3 14.
Qxb3 Rfb8 15. Qc2 h6 16. a5 Bc6 17. axb6 axb6 18. Bh7+ Kh8 19. Be4 Bxe4 20. Qxe4 Rxa1 21. Rxa1 Qe7 22. Qc6 g6 23. Ra6 Qd8 24. h3 Kg7 25.
Ra7 h5 26. Rd7 Qf6 27. Rxd6 Qf5 28. Rd7 Qb1+ 29. Kh2 Qf5 30. f4 h4 31. Qd6 Ra8 32.
Qxb6 Ra1 33. Qxc5 Kh6 34. Qxf5 gxf5 35. Rxf7 Kg6 36. Rd7 Rc1 37. c5 Rxc3 38. Rd6 Kf7 39. Rb6 Ke7 40. Rb7+ Kf6 41. Rh7 Rxe3 42. Rxh4 Rd3 43.
Rh6+ Ke7 44. Rh7+ Kf6 45. Rd7 Rc3 46. h4 Kg6 47. Rd6 Kh5 48. Rxe6 Kxh4 49. Rh6+ Kg4 50. c6 Kxf4 51. d5 Ke5 52. Rh3 Rc5 53. Rd3 Kd6 54. Kg3 Rc4 55. Kf3 Rh4 56. g3 Rg4 57. Rc3 1-0

[Event "Late-Titled-Tuesday-Blitz-February-27-2024"]
[Site "Chess.com"]
[Date "2024.02.27"]
[Round "1"]
[White "czasnaszachy"]
[Black "Dhaydon19"]
[Result "0-1"]
[WhiteElo "2431"]
[BlackElo "2753"]
[TimeControl "180+1"]
[EndTime "14:07:11 PST"]
[Termination "Dhaydon19 won by resignation"]

1. d4 c6 2. e4 d5 3. Nc3 dxe4 4. Nxe4 Bf5 5. Qf3 Bg6 6. Ne2 Nd7 7. N2g3 Ngf6 8. Bd3 e6 9. c3 Be7 10. O-O O-O 11. Bf4 Nd5 12. Bd2 f5 13. Nc5 Bxc5 14.
dxc5 Nxc5 15. Bc2 Qf6 16. Rfe1 e5 17. c4 e4 18. Qe2 Nb6 19. Bb4 Nbd7 20. Bc3 Qf7 21.
b4 Ne6 22. Rad1 Nb6 23. Bb3 Rad8 24. a4 c5 25. a5 Nd7 26. Rd6 cxb4 27. Bxb4 Ndc5 28.
Rxd8 Rxd8 29. Ba2 Nd3 30. Rb1 Nd4 31. Qd1 Kh8 32. Bc3 Nc6 33. Ne2 f4 34. Nc1 e3 35.
Nxd3 Bxd3 36. Qg4 Bxb1 37. Bxb1 f3 38. gxf3 Rd1+ 39. Kg2 Rxb1 40. Qc8+ Qg8 41. Qf5 Rc1 0-1

[Event "Late-Titled-Tuesday-Blitz-February-27-2024"]
[Site "Chess.com"]
[Date "2024.02.27"]
[Round "1"]
[White "mishanick"]
[Black "Good_Knight_Kiss"]
[Result "1-0"]
[WhiteElo "3085"]
[BlackElo "2522"]
[TimeControl "180+1"]
[EndTime "14:07:12 PST"]
[Termination "mishanick won on time"]

1. d4 Nf6 2. c4 g6 3. Nc3 Bg7 4. e4 d6 5. Be2 O-O 6. Be3 Na6 7. Nf3 e5 8. O-O Ng4 9. Bg5 f6 10. Bc1 f5 11. h3 exd4 12. Nxd4 Ne5 13. exf5 gxf5 14.
Nd5 Nc5 15. Be3 c6 16. Nf4 Re8 17. Rc1 a5 18. Bh5 Re7 19. Re1 a4 20. b4 axb3 21.
axb3 Qb6 22. Nxf5 Bxf5 23. Qxd6 Rd7 24. Qxc5 Qxb3 25. Rcd1 Rad8 26. Rxd7 Rxd7 27. Ra1 h6 28. Kh2 Qxc4 29. Ra8+ Kh7 30. Qa5 b5 31. Qb6 b4 32.
Qb8 b3 33. Ra3 b2 34. Rb3 b1=Q 35. Rxb1 Bxb1 36. Qxb1+ Kg8 37. Qf5 1-0

[Event "Late-Titled-Tuesday-Blitz-February-27-2024"]
[Site "Chess.com"]
[Date "2024.02.27"]
[Round "1"]
[White "TanitoluwaAps116"]
[Black "noblerone"]
[Result "1-0"]
[WhiteElo "2904"]
[BlackElo "2486"]
[TimeControl "180+1"]
[EndTime "14:07:12 PST"]
[Termination "TanitoluwaAps116 won on time"]

1. e4 d5 2. exd5 Qxd5 3. Nc3 Qd8 4. d4 Nf6 5. Nf3 Bg4 6. Be3 e6 7. Be2 c6 8. O-O Bd6 9. h3 Bh5 10. Ne5 Bxe2 11. Qxe2 O-O 12. Rad1 Nbd7 13. Bg5 Qa5 14.
f4 Qc7 15. Rd3 Nd5 16. Rg3 Nxc3 17. bxc3 f5 18. Bh6 Bxe5 19. fxe5 Rf7 20. Qh5 Nf8 21. Bd2 Ng6 22. Qf3 Qd7 23. Rb1 Rd8 24. Bg5 Re8 25. Qd3 a6 26. a4 b5 27. axb5 axb5 28.
c4 bxc4 29. Qxc4 Ne7 30. Rgb3 Nd5 31. Qc5 h6 32. Bd2 f4 33. c4 Ne3 34. Bxe3 fxe3 35.
Rxe3 Ref8 36. Reb3 Kh7 37. Qd6 Qc8 38. Rb8 1-0

[Event "Late-Titled-Tuesday-Blitz-February-27-2024"]
[Site "Chess.com"]
[Date "2024.02.27"]
[Round "1"]
[White "ukchessbomber"]
[Black "ChessFanNM"]
[Result "1-0"]
[WhiteElo "2638"]
[BlackElo "2339"]
[TimeControl "180+1"]
[EndTime "14:07:15 PST"]
[Termination "ukchessbomber won on time"]

1. c4 e6 2. h3 d5 3. e3 Nf6 4.
Nf3 c5 5. cxd5 exd5 6. d4 Nc6 7. Be2 Be6 8. O-O Be7 9. b3 O-O 10. dxc5 Ne4 11. Bb2 Bxc5 12. Nc3 Qa5 13. Rc1 Ba3 14. Bxa3 Nxc3 15. Rxc3 Qxc3 16. Bxf8 Rxf8 17. Bb5 Rd8 18. Bxc6 bxc6 19. Qc1 Qa5 20. Qxc6 Qxa2 21. Nd4 Qa5 22. Nxe6 fxe6 23. Qxe6+ Kh8 24. Rc1 h6 25. Qe5 Rg8 26.
Rc6 Qe1+ 27. Kh2 Kh7 28. Qf5+ Kh8 29. Rc7 Qa5 30. Rd7 Qa6 31. Qxd5 Qf6 32. Rf7 Qg6 33. Rxa7 Rf8 34. Ra8 Rxa8 35. Qxa8+ Kh7 36. Qd5 Qf6 37. Qe4+ Kh8 38. Qe8+ Kh7 39. Qe4+ Kh8 40. b4 Qd6+ 41. Qf4 Qd7 42. Qf8+ Kh7 43. Qc5 Qf7 44. Kg1 Qa2 45.
b5 Qa1+ 46. Kh2 Qf6 47. Qc2+ Kh8 48. Qc8+ Kh7 49. Qc2+ Kh8 50. Qb3 Qd6+ 51. g3 Qf6 52. Kg2 1-0

[Event "Late-Titled-Tuesday-Blitz-February-27-2024"]
[Site "Chess.com"]
[Date "2024.02.27"]
[Round "1"]
[White "karinachess1"]
[Black "GMthekingindian"]
[Result "1-0"]
[WhiteElo "2611"]
[BlackElo "2283"]
[TimeControl "180+1"]
[EndTime "14:07:15 PST"]
[Termination "karinachess1 won by resignation"]

1. d4 d5 2. c4 e6 3. Nc3 c6 4. e3 f5 5. Nf3 Nf6 6. Qb3 Nbd7 7. g3 Bd6 8. Bg2 O-O 9. O-O Kh8 10. Qc2 Ne4 11. Nd2 Qg5 12. Ndxe4 fxe4 13. f3 exf3 14. Bxf3 Nf6 15. e4 Qg6 16. Qg2 e5 17. dxe5 Bxe5 18. exd5 Bxc3 19. bxc3 cxd5 20. cxd5 Bf5 21. Bf4 Rad8 22.
d6 b6 23. Rad1 Rd7 24. Rfe1 Rfd8 25. Bc6 Rf7 26. Bd5 Rfd7 27. Be6 Bxe6 28. Rxe6 Qg4 29. Rde1 h6 30. Re7 Qf5 31. Rxd7 Rxd7 32. Qc6 Nd5 33. Be5 Rf7 34. Bd4 Nf6 35. Rf1 Qe6 36. Bxf6 Rxf6 37.
Rxf6 Qxf6 38. Qe8+ Kh7 39. d7 Qxc3 40. d8=Q Qc1+ 41.
Kf2 Qc2+ 42. Qe2 Qf5+ 43. Kg2 Qd5+ 44. Qxd5 1-0

[Event "Late-Titled-Tuesday-Blitz-February-27-2024"]
[Site "Chess.com"]
[Date "2024.02.27"]
[Round "1"]
[White "dolynachess"]
[Black "alexrustemov"]
[Result "0-1"]
[WhiteElo "2457"]
[BlackElo "2815"]
[TimeControl "180+1"]
[EndTime "14:07:18 PST"]
[Termination "alexrustemov won on time"]

1. d4 d5 2. c4 c6 3. Nf3 Nf6 4. g3 a6 5. Bg2 dxc4 6. O-O b5 7. Nc3 Bb7 8. e4 e6 9. e5 Nd5 10. Ng5 Be7 11. Qh5 g6 12. Qh6 Bf8 13. Qh3 Nxc3 14.
bxc3 Be7 15. Qh6 Bf8 16. Qh3 Nd7 17. a4 Nb6 18. Ne4 Be7 19. Ba3 h6 20. Nd6+ Bxd6 21. Bxd6 Nxa4 22. Rxa4 bxa4 23. Rb1 Ra7 24. Bc5 Qa8 25. Qh4 g5 26. Qe4 a3 27. Qe2 Bc8 28. Qxc4 Bd7 29. Bxa3 Rb7 30. Rxb7 Qxb7 31. Qc5 Kd8 32.
Qe7+ Kc8 33. Qxf7 Qb1+ 34. Bf1 c5 35. Bxc5 Re8 36. Bd6 a5 37. h3 a4 38. Qf3 Qb7 0-1

[Event "Late-Titled-Tuesday-Blitz-February-27-2024"]
[Site "Chess.com"]
[Date "2024.02.27"]
[Round "1"]
[White "nindjaxx8"]
[Black "dealshark"]
[Result "1-0"]
[WhiteElo "2674"]
[BlackElo "2376"]
[TimeControl "180+1"]
[EndTime "14:07:20 PST"]
[Termination "nindjaxx8 won by resignation"]

1. d4 d5 2. c4 e6 3. Nc3 c5 4.
e3 Nc6 5. cxd5 exd5 6. Nf3 Nf6 7. a3 Bg4 8. Be2 a6 9. O-O c4 10. h3 Bh5 11. Re1 Bd6 12. e4 dxe4 13. Bxc4 Bxf3 14.
gxf3 O-O 15. Nxe4 Nxd4 16. Bg5 Be7 17. Qd3 b5 18. Ba2 Nf5 19. Rad1 Qxd3 20. Rxd3 Rad8 21.
Red1 Rxd3 22. Rxd3 Rc8 23. Bxf6 Bxf6 24. Rd7 Nh6 25. Nd6 Rf8 26. Ra7 Bxb2 27. Rxa6 Bc3 28. Nxb5 Be5 29. a4 Nf5 30. Ra7 Nd4 31. Nxd4 Bxd4 32.
Rd7 Bb6 33. Rb7 Bc5 34. a5 h6 35. a6 Ra8 36. Rxf7 Kh7 37. Bc4 Kg6 38. Rc7 Bb6 39.
Rc6+ Kf5 40. Rxb6 g5 41. Bd5 Ra7 42. Bb7 Kf4 43. Rc6 h5 44. Rc8 g4 45. hxg4 hxg4 46.
fxg4 Kxg4 47. Ra8 Rxa8 48. Bxa8 1-0

[Event "Late-Titled-Tuesday-Blitz-February-27-2024"]
[Site "Chess.com"]
[Date "2024.02.27"]
[Round "1"]
[White "IsuruAlahakoon"]
[Black "aghasiyevkamal"]
[Result "0-1"]
[WhiteElo "2272"]
[BlackElo "2609"]
[TimeControl "180+1"]
[EndTime "14:07:20 PST"]
[Termination "aghasiyevkamal won on time"]

1. Nf3 d5 2. e3 Nf6 3. c4 e6 4. b3 dxc4 5. Bxc4 c5 6. Bb2 Nc6 7. O-O Be7 8. d4 O-O 9. Qe2 a6 10. Rd1 Qc7 11. dxc5 Bxc5 12. Bxf6 gxf6 13. Nbd2 f5 14.
Rac1 Qe7 15. e4 b5 16. Bd3 Bb7 17. exf5 exf5 18. Qxe7 Bxe7 19. Bxf5 Rad8 20. Be4 Rd6 21. Nf1 Rfd8 22. Rxd6 Rxd6 23. Ne3 Bf8 24. Nf5 Rf6 25. g4 Nd4 26. N3xd4 Bxe4 27. Rc8 h5 28. f3 Bb1 29.
g5 Rxf5 30. Nxf5 Bxf5 31. Ra8 Kg7 32. Rxa6 b4 33. h4 Be6 34. Kg2 Kg6 35. Kg3 Kf5 36.
Ra5+ Kg6 37. Ra6 Bg7 38. Kf4 Bc3 39. Ra7 Be1 40. Rb7 Bxh4 0-1

[Event "Late-Titled-Tuesday-Blitz-February-27-2024"]
[Site "Chess.com"]
[Date "2024.02.27"]
[Round "1"]
[White "wqws"]
[Black "adricalderon8"]
[Result "0-1"]
[WhiteElo "2684"]
[BlackElo "2435"]
[TimeControl "180+1"]
[EndTime "14:07:24 PST"]
[Termination "adricalderon8 won by resignation"]

1. e4 c5 2. Nf3 Nc6 3. d4 cxd4 4. Nxd4 g6 5. c4 Bg7 6. Be3 Nf6 7. Nc3 O-O 8. Be2 d6 9. O-O Bd7 10. h3 Nxd4 11.
Bxd4 Bc6 12. Bd3 Nd7 13. Be3 Nc5 14. Bc2 a5 15. f3 Qb6 16. Rb1 Qb4 17. Nd5 Bxd5 18.
cxd5 Rfc8 19. Rf2 a4 20. a3 Qc4 21. Qe2 Qxe2 22. Rxe2 b5 23. Bd2 Nb3 24. Bxb3 axb3 25. Bb4 Rc2 26. Kf1 Rac8 27. Ke1 Rxe2+ 28. Kxe2 Rc2+ 29.
Kd3 Rxg2 30. Bc3 Rg3 31. Bxg7 Kxg7 32. Kc3 Rxf3+ 33. Kb4 Rxh3 34. Kxb5 f5 35. a4 f4 36.
a5 Rh2 37. a6 Rc2 38. Kb4 Rc7 39. Kxb3 g5 40. Ka4 f3 41. b4 g4 42. b5 g3 43. b6 Rc4+ 44. Ka5 f2 45. b7 g2 46. b8=Q f1=Q 47. Qb2+ Kf7 48. Qa1 Rc5+ 49. Kb6 Rb5+ 50. Kc7 Rxb1 51. Qh8 g1=Q 52. Qxh7+ Qg7 53. Qh5+ 0-1

[Event "Late-Titled-Tuesday-Blitz-February-27-2024"]
[Site "Chess.com"]
[Date "2024.02.27"]
[Round "1"]
[White "otrov-11"]
[Black "BebeBonito2022"]
[Result "1-0"]
[WhiteElo "2615"]
[BlackElo "2300"]
[TimeControl "180+1"]
[EndTime "14:07:24 PST"]
[Termination "otrov-11 won by checkmate"]

1. d4 Nf6 2. c4 e6 3. g3 d5 4. Nf3 Bb4+ 5. Bd2 Bd6 6. Bg2 O-O 7. Qc2 c6 8. O-O Ne4 9. Nc3 f5 10. e3 Bd7 11. Ne2 Be8 12. Nf4 Qe7 13.
Nd3 Nd7 14. Bc3 Bh5 15. b3 Bxf3 16. Bxf3 g5 17. Bg2 Rac8 18. Bb2 b5 19. f3 Nef6 20.
Rae1 g4 21. fxg4 Nxg4 22. Nf4 Ngf6 23. Qe2 bxc4 24. bxc4 Ne4 25. Bxe4 fxe4 26. Qg4+ Kh8 27. Nxe6 Rg8 28. Qh3 Nf6 29. Nf4 Bxf4 30. Rxf4 Rb8 31. Bc1 Rb1 32. Ref1 Rg6 33. cxd5 cxd5 34. Qh4 Ng8 35.
Qh3 Rg7 36. Bd2 Rb2 37. Be1 Qa3 38. g4 Qxa2 39. Rf7 Re2 40. Rxg7 Kxg7 41. Bg3 Qd2 42. Be5+ Kg6 43. Qh5# 1-0

[Event "Late-Titled-Tuesday-Blitz-February-27-2024"]
[Site "Chess.com"]
[Date "2024.02.27"]
[Round "1"]
[White "DeTimmerman"]
[Black "Englishman_18"]
[Result "1-0"]
[WhiteElo "2742"]
[BlackElo "2418"]
[TimeControl "180+1"]
[EndTime "14:07:25 PST"]
[Termination "DeTimmerman won by resignation"]

1. b4 Nf6 2. Bb2 d5 3. b5 g6 4.
e3 Bg7 5. c4 O-O 6. a4 c6 7. Nf3 a6 8. Be2 axb5 9. axb5 Rxa1 10. Bxa1 Be6 11. cxd5 Nxd5 12. Bxg7 Kxg7 13. O-O Qa5 14.
Nd4 Bd7 15. Qb3 Qb4 16. Qxb4 Nxb4 17. Nc3 cxb5 18. Rb1 N8c6 19. Bxb5 e5 20. Bxc6 Nxc6 21.
Nf3 Rb8 22. Rb6 f6 23. Kf1 Na5 24. d4 Nc4 25. Rb4 b5 26. dxe5 Nxe5 27. Nd4 Nd3 28. Rb3 b4 29. Nd5 Nc5 30. Rxb4 Rxb4 31. Nxb4 Kf7 32.
Ke2 h5 33. f3 Nb7 34. e4 Nd6 35. Ke3 Nc4+ 36. Kd3 Nd6 37. f4 Nb5 38. Nf3 Nc7 39.
e5 Ke7 40. Ke3 Be6 41. Kd4 Nb5+ 42. Kc5 Nc3 43. Nc6+ Kf7 44. Ncd4 Ne4+ 45. Kc6 Bg4 46. h3 Bxf3 47. Nxf3 Ke6 48. Nd4+ Ke7 49. Kd5 Nc3+ 50.
Kc4 Na4 51. Nf3 Nb6+ 52. Kd4 Nd7 53. Kd5 Nb6+ 54. Ke4 Ke6 55. Nd4+ Kf7 56. g4 Nd7 57. e6+ Ke7 58. exd7 Kxd7 59. f5 1-0